[Event "21st Alekhine FIDE 2017"]
[Site "Voronezh"]
[Date "2017.06.19"]
[Round "8"]
[White "Mezhov, Dmitriy"]
[Black "Geranichev, Mikhail"]
[Result "1-0"]
[ECO "D80"]
[WhiteElo "1809"]
[BlackElo "2076"]
[Annotator "NA RC"]
[PlyCount "117"]
[EventDate "2017.??.??"]
[EventType "swiss"]
[EventCountry "RUS"]
[SourceTitle "playchess.com"]
[Source "ChessBase"]
[SourceQuality "1"]
[TimeControl "40/5400+30:1800+30"]

1. d4 Nf6 2. c4 g6 3. Nc3 d5 4. Bg5 c6 5. Bxf6 {[%emt 0:00:00] D80: Grünfeld: Unusual White 4th moves and 4 Bg5} exf6 6. cxd5 cxd5 7. Qb3 Nc6 8. e3 Bb4 9. Nge2 O-O 10. a3 Bxc3+ $146 ({Predecessor:} 10... Qa5 11. Rc1 Bxc3+ 12. Nxc3 Ne7 {1-0 (51) Andersen,F (2275)-Momme,J Aalborg 1995}) 11. Nxc3 Ne7 12. Be2 Be6 (12... Rb8 $14) 13. O-O (13. Qxb7 $16 a5 14. Qb3) 13... Rb8 14. Bf3 b5 15. Rfc1 a6 16. Na2 Qb6 17. Nb4 Qb7 18. Rc5 Rfd8 19. Rac1 Rbc8 20. h3 Kg7 21. R1c3 Rxc5 22. Rxc5 Rc8 23. Qc3 Rxc5 24. Qxc5 a5 25. Nd3 g5 26. Qd6 Nf5 27. Qd8 Nh4 28. Be2 ({Stronger than} 28. Qxa5 Nxf3+ 29. gxf3 Bxh3 $11) 28... Qd7 (28... b4 $142) 29. Qxd7 (29. Qxa5 $142 Bf5 30. Nc5) 29... Bxd7 30. Nc5 Bc6 31. Bd3 f5 32. Na6 Kf6 33. Nc7 b4 34. axb4 axb4 35. Na6 b3 36. Nc5 h5 37. Nxb3 Ke7 38. Nc5 Kd6 39. Kf1 f4 40. b4 Kc7 41. b5 Be8 42. Na4 Kb7 43. Nc3 f3 44. g3 Ng2 45. Nxd5 Bd7 46. Kg1 Bxh3 47. Be4 f5 48. Nf4+ fxe4 49. Nxh3 h4 50. g4 Kb6 51. Nxg5 Kxb5 52. Nxe4 h3 53. Kh2 Kc4 54. Nd2+ Kd3 55. Nxf3 Ke2 56. Kg3 Kf1 57. g5 h2 58. Nxh2+ Kg1 59. g6 1-0

[Event "21st Alekhine FIDE 2017"]
[Site "Voronezh"]
[Date "2017.06.19"]
[Round "8"]
[White "Egorov, Alexey"]
[Black "Kazmin, Semen"]
[Result "0-1"]
[ECO "C11"]
[WhiteElo "1794"]
[BlackElo "2086"]
[Annotator "NA RC"]
[PlyCount "112"]
[EventDate "2017.??.??"]
[EventType "swiss"]
[EventCountry "RUS"]
[SourceTitle "playchess.com"]
[Source "ChessBase"]
[SourceQuality "1"]
[TimeControl "40/5400+30:1800+30"]

1. e4 e6 2. Nc3 d5 3. Nf3 Nf6 4. e5 Nfd7 5. d4 c5 6. Bf4 Nc6 7. dxc5 Nxc5 8. Bd3 Be7 9. O-O O-O {LiveBook: 9 Games} 10. Ne2 {C11: French: Classical System: 4 e5 and 4 Bg5 dxe4} (10. Re1 a6 11. a3 f5 12. exf6 Bxf6 13. Bg3 Qb6 14. Rb1 Nxd3 15. Qxd3 Nd4 16. Ne5 Nf5 17. Bf4 Qd4 18. Qxd4 Nxd4 {½-½ (54) Chandler,M (2544)-Efimenko,Z (2601) West Bromwich 2005}) 10... f5 11. Qd2 $146 ({Predecessor:} 11. Nfd4 Qc7 12. Nxc6 bxc6 13. Nd4 Bd7 14. Re1 Rab8 15. Rb1 Nxd3 16. Qxd3 c5 17. Nf3 h6 {0-1 (41) Mosionzhik,I-Pavlenko,Y Batumi 1961}) 11... h6 (11... Ne4 $17 12. Qc1 h6) 12. Be3 Ne4 13. Qc1 Qc7 14. Bd4 ({White should play} 14. c4 $11) 14... Bd7 15. c3 Be8 16. Nf4 Qd7 17. Bb5 g5 18. Nd3 g4 ({Black should play} 18... Qc7 $17 19. Rd1 f4) 19. Bxc6 bxc6 20. Nfe1 h5 (20... c5 $11 {keeps the balance.} 21. Be3 c4) 21. Be3 ({White should try} 21. f3 $16) 21... Qd8 22. Nf4 Bf7 23. Nc2 ({White should play} 23. Ned3 $16) 23... c5 24. Kh1 (24. f3 $142) 24... Rc8 25. f3 Ng5 26. Qd2 Kg7 {[#]} (26... a5 $11 {remains equal.}) 27. Rg1 (27. b4 $1 $16) 27... Rh8 (27... Kh8 $11) 28. Ne1 ({White should play} 28. b4 $16) 28... Nh7 29. Rd1 Nf8 30. Ne2 Ng6 31. f4 (31. Nd3 $15) 31... a5 32. Nd3 Be8 (32... Qb6 $17) 33. b4 $1 axb4 34. cxb4 cxb4 35. Nd4 Kf7 36. Nxb4 Rc4 37. Rb1 Qa5 38. Nbc2 Qxd2 39. Bxd2 Ba4 40. Rgc1 Rhc8 41. Ne3 (41. Ne1 $142 Rxd4 42. Rxc8 Rxd2 43. g3) 41... Rxd4 42. Rxc8 Rxd2 43. g3 Re2 44. Ng2 d4 45. Rc4 Rxa2 46. Ne1 {[#]} d3 $1 47. Nxd3 Bc2 48. Nb4 Bxb1 49. Nxa2 Bxa2 50. Rc7 Ke8 51. Kg1 Kd8 52. Rc2 Bb3 53. Rc3 Bd5 54. Kf2 Nf8 55. Ke3 Nd7 56. Kd4 {[#]} Bc5+ $19 0-1

[Event "21st Alekhine FIDE 2017"]
[Site "Voronezh"]
[Date "2017.06.20"]
[Round "9"]
[White "Khajrutdinov, Ildar"]
[Black "Garafutdinov, Ainur"]
[Result "1-0"]
[ECO "A81"]
[WhiteElo "2087"]
[BlackElo "1998"]
[Annotator "NA RC"]
[PlyCount "41"]
[EventDate "2017.??.??"]
[EventType "swiss"]
[EventCountry "RUS"]
[SourceTitle "playchess.com"]
[Source "ChessBase"]
[SourceQuality "1"]
[TimeControl "40/5400+30:1800+30"]

1. d4 f5 2. g3 Nf6 3. Bg2 d6 4. Nc3 g6 5. e4 {[%emt 0:00:43] LiveBook: 10 Games} fxe4 6. Nxe4 Nxe4 7. Bxe4 Nd7 8. Nf3 Nf6 9. Bd3 c6 10. c3 Qb6 $16 11. Ng5 Rg8 12. Qe2 Qc7 13. Bd2 Bd7 14. O-O-O O-O-O 15. Bc4 d5 16. Bd3 b5 17. Bf4 Qb7 18. f3 Re8 19. g4 Bh6 20. h4 Rgf8 21. Bg3 1-0

[Event "21st Alekhine FIDE 2017"]
[Site "Voronezh"]
[Date "2017.06.20"]
[Round "9"]
[White "Geranichev, Mikhail"]
[Black "Nakonechny, Ignat"]
[Result "0-1"]
[ECO "A05"]
[WhiteElo "2076"]
[BlackElo "1893"]
[Annotator "NA RC"]
[PlyCount "35"]
[EventDate "2017.??.??"]
[EventType "swiss"]
[EventCountry "RUS"]
[SourceTitle "playchess.com"]
[Source "ChessBase"]
[SourceQuality "1"]
[TimeControl "40/5400+30:1800+30"]

1. Nf3 Nf6 2. g3 g6 3. Bg2 Bg7 4. d3 d6 5. O-O O-O 6. e4 c6 7. Nbd2 e5 8. Nc4 Qc7 (8... b5 $5 9. Ne3 c5 $11) 9. b3 b5 10. Ne3 Bb7 11. a4 a6 12. Bb2 Nbd7 13. Nh4 d5 14. Qe2 Rfe8 (14... d4 $5 15. Ng4 Nxg4 16. Qxg4 c5 $15) 15. a5 (15. axb5 $11 axb5 16. exd5) 15... d4 16. Ng4 Nxg4 17. Qxg4 c5 18. f4 $15 0-1

[Event "21st Alekhine FIDE 2017"]
[Site "Voronezh"]
[Date "2017.06.20"]
[Round "9"]
[White "Novikov, Sergey D"]
[Black "Mezhov, Dmitriy"]
[Result "1-0"]
[ECO "D45"]
[WhiteElo "2061"]
[BlackElo "1809"]
[Annotator "NA RC"]
[PlyCount "28"]
[EventDate "2017.??.??"]
[EventType "swiss"]
[EventCountry "RUS"]
[SourceTitle "playchess.com"]
[Source "ChessBase"]
[SourceQuality "1"]
[TimeControl "40/5400+30:1800+30"]

1. d4 d5 2. c4 c6 3. Nf3 Nf6 4. Nc3 e6 5. e3 Nbd7 6. Qc2 b6 7. Bd3 Bb7 8. O-O Be7 9. b3 dxc4 {LiveBook: 27 Games} 10. Bxc4 c5 11. e4 cxd4 12. Nxd4 O-O 13. Rd1 Qc7 14. Qe2 a6 $15 1-0

[Event "21st Alekhine FIDE 2017"]
[Site "Voronezh"]
[Date "2017.06.20"]
[Round "9"]
[White "Kondaurov, Yury"]
[Black "Katkov, Vitaly"]
[Result "1-0"]
[ECO "A04"]
[WhiteElo "2046"]
[BlackElo "2054"]
[Annotator "NA RC"]
[PlyCount "21"]
[EventDate "2017.??.??"]
[EventType "swiss"]
[EventCountry "RUS"]
[SourceTitle "playchess.com"]
[Source "ChessBase"]
[SourceQuality "1"]
[TimeControl "40/5400+30:1800+30"]

1. Nf3 c5 2. g3 Nc6 3. Bg2 g6 4. O-O Bg7 5. c4 Nf6 6. Nc3 d5 {[%emt 0:03:37] LiveBook: 26 Games} 7. cxd5 Nxd5 8. Qb3 (8. d4 $5) 8... Nc7 9. Ng5 O-O $1 10. d3 (10. Bxc6 $5 bxc6 11. d3 $11) 10... Bd7 11. Be3 $15 1-0

[Event "21st Alekhine FIDE 2017"]
[Site "Voronezh"]
[Date "2017.06.20"]
[Round "9"]
[White "Moiseenko, Andrey"]
[Black "Lepaev, Andrey"]
[Result "0-1"]
[ECO "A40"]
[WhiteElo "2010"]
[BlackElo "2059"]
[Annotator "NA RC"]
[PlyCount "104"]
[EventDate "2017.??.??"]
[EventType "swiss"]
[EventCountry "RUS"]
[SourceTitle "playchess.com"]
[Source "ChessBase"]
[SourceQuality "1"]
[TimeControl "40/5400+30:1800+30"]

1. d4 Nf6 2. c4 e6 3. g3 Bb4+ 4. Bd2 Bxd2+ 5. Qxd2 d5 6. Nf3 O-O 7. Bg2 Nbd7 8. O-O c6 9. Qc2 Qe7 10. Nbd2 e5 11. cxd5 Nxd5 {[%emt 0:00:07] LiveBook: 8 Games} 12. e4 N5f6 $16 13. Nc4 exd4 14. Nxd4 Ne5 15. Ne3 Rd8 16. Rad1 g6 17. h3 Bxh3 18. Nxc6 Nxc6 19. Bxh3 Nd4 20. Qa4 Qxe4 21. Qa3 Nf3+ 22. Kh1 Qe5 23. Ng4 Nxg4 24. Qxf3 h5 25. Bxg4 hxg4 26. Rxd8+ Rxd8 27. Qxb7 Kg7 28. Kg1 a5 29. b3 Rd2 30. a3 Rb2 31. b4 Qd4 32. Qc6 axb4 33. axb4 Rxb4 34. Rc1 Rb3 35. Qc4 Rxg3+ 36. Kf1 Rd3 37. Qxd4+ Rxd4 38. Rc7 Rf4 39. Kg2 Rf3 40. Ra7 Kh6 41. Ra5 f5 42. Ra6 Kg5 43. Rb6 Ra3 44. Rc6 Ra2 45. Rc5 Kh4 46. Rc4 g5 47. Rc3 f4 48. Kg1 Ra1+ 49. Kh2 Ra2 50. Kg2 f3+ 51. Kg1 Ra1+ 52. Kh2 Rf1 0-1